 Dungeon Crawl Stone Soup version 0.18.1-6-gd335043 (webtiles) character file.

228 Larett the Prestidigitator (level 5, 0/43 HPs)
             Began as a Deep Dwarf Artificer on May 15, 2016.
             Killed by divine providence
             ... invoked by an orc priest
              (11 damage)
             ... on level 3 of the Dungeon.
             The game lasted 00:09:32 (1952 turns).

Larett the Prestidigitator (Deep Dwarf Artificer)   Turns: 1952, Time: 00:09:32

Health: 0/43       AC:  4    Str: 16    XL:     5   Next: 71%
Magic:  11/11      EV: 12    Int: 12    God:
Gold:   52         SH:  0    Dex: 13    Spells: 0 memorised, 4 levels left

rFire  . . .     SeeInvis .     n - +2 dagger (speed)
rCold  . . .     Gourm    .     b - +0 leather armour
rNeg   . . .     Faith    .     (no shield)
rPois  .         Spirit   .     x - +0 helmet
rElec  .         Dismiss  .     (no cloak)
rCorr  .         Reflect  .     (no gloves)
SustAt .         Harm     .     (no boots)
MR     .....                    (no amulet)
Stlth  +.........               (no ring)
                                (no ring)

@: lethally poisoned (0 -> 0), non-regenerating, not resistant to hostile
enchantments, very unstealthy
A: damage resistance, recharge devices, sense surroundings 1, slow regeneration
3
a: Device Recharging


You were on level 3 of the Dungeon.
You were hungry.

You visited 1 branch of the dungeon, and saw 3 of its levels.

You collected 52 gold pieces.

Inventory:

Hand Weapons
 a - a +0 short sword
 n - a +2 dagger of speed (weapon)
Missiles
 p - 10 sling bullets
 q - 18 stones (quivered)
 s - 17 poisoned needles
Armour
 b - a +0 leather armour (worn)
 x - a +0 helmet (worn)
Wands
 c - a wand of flame (15/48)
 d - a wand of enslavement (12/24)
 e - a wand of random effects (15/48)
 f - a wand of heal wounds (3/9)
 r - a wand of iceblast (5/15)
Scrolls
 k - a scroll of fog {unknown}
 o - a scroll of remove curse {unknown}
 u - a scroll of identify {unknown}
 w - a scroll of enchant armour {unknown}
Potions
 i - a potion of cure mutation {unknown}
 j - a potion of lignification {unknown}
 l - a potion of curing {unknown}
 m - a potion of mutation {unknown}
 t - a potion of might {unknown}
 v - a potion of agility {unknown}
Comestibles
 g - a bread ration
 h - a beef jerky
 z - 2 chunks of flesh {@w1}


   Skills:
 - Level 0.8 Fighting
 - Level 0.8 Short Blades
 - Level 2.1 Dodging
 - Level 1.2 Stealth
 + Level 8.6 Evocations


You had 4 spell levels left.
You didn't know any spells.

Dungeon Overview and Level Annotations

Branches:
Dungeon (3/15)

Altars:


Innate Abilities, Weirdness & Mutations

You are resistant to damage.
You can recharge devices by infusing magical energy.
You passively map a small area around you.
You do not regenerate naturally.


Message History

You are poisoned.
The adder poisons you!
You closely miss the adder.
The adder is severely wounded.
The adder closely misses you.
You hit the adder.
You kill the adder!
You barely miss the orc. You hit the orc.
The orc is severely wounded.
The orc closely misses you.
You hit the orc.
You kill the orc!
The orc priest hits you but does no damage.
Items here: ) [[ †† a leather armour; a dagger; a chain mail; an orc corpse; an adder corpse You barely miss the orc priest.
The orc priest invokes the aid of Beogh against you.
Beogh smites you!
You die...

* * ..# * #.# * , * *
*#.# * , , , ,,... * *
#.# , #o# ,* #o# * #q#
** #.#
################.######
).........÷.............
################..#####.
##.# ,.# ,* ** * ,, .#*
, ,,, ,, , ..


You could see an orc priest and an orc.

Vanquished Creatures
  Sigmund (D:3)
  3 adders
  2 worms (D:2)
  An orc (D:3)
  A ball python (D:1)
  7 bats
  A giant cockroach (D:2)
  7 goblins
  8 hobgoblins (D:1)
  4 jackals
  A giant newt (D:1)
  3 kobolds
  2 rats (D:1)
41 creatures vanquished.

Vanquished Creatures (collateral kills)
  3 jackals
  A rat (D:1)
4 creatures vanquished.

Vanquished Creatures (others)
  An orc (D:3)
1 creature vanquished.

Grand Total: 46 creatures vanquished

Notes
Turn   | Place    | Note
--------------------------------------------------------------
     0 | D:1      | Larett the Deep Dwarf Artificer began the quest for the Orb.
     0 | D:1      | Reached XP level 1. HP: 16/16 MP: 3/3
   253 | D:1      | Reached XP level 2. HP: 9/24 MP: 5/5
   351 | D:1      | Reached skill level 5 in Evocations
   613 | D:1      | Reached XP level 3. HP: 13/30 MP: 7/7
  1040 | D:2      | HP: 5/30 [worm (4)]
  1107 | D:2      | Reached skill level 6 in Evocations
  1802 | D:3      | Noticed Sigmund
  1803 | D:3      | Killed Sigmund
  1803 | D:3      | Reached skill level 8 in Evocations
  1803 | D:3      | Reached XP level 4. HP: 20/37 MP: 8/10
  1803 | D:3      | Reached XP level 5. HP: 23/43 MP: 8/11
  1952 | D:3      | Killed from afar by an orc priest

Skill      XL: |  1  2  3 |
---------------+----------+-----
Evocations     | 5 8 |  8.6
Fighting       | |  0.8
Short Blades   | |  0.8
Dodging        | |  2.1
Stealth        | |  1.2

Action                   |  1- 3 |  4- 6 || total
-------------------------+-------+-------++-------
Melee: Short sword       |   172 |       ||   172
       Dagger            |    26 |    14 ||    40
Evoke: Wand              |     3 |     3 ||     6
 Stab: Sleeping          |     2 |       ||     2
  Eat: Chunk             |     2 |     1 ||     3
Armor: Leather armour    |    53 |     2 ||    55
Dodge: Dodged            |   143 |     5 ||   148
